 Dungeon Crawl Stone Soup version 0.26-a0-466-g989023bd0d (webtiles) character file.

Game seed: 9575136626223087514

2479 gruber the Magician (level 9, -3/67 HPs)
             Began as a Palentonga Ice Elementalist on Aug 4, 2020.
             Was an Initiate of Qazlal.
             Killed by nerve-wracking pain
             ... invoked by an orc priest
              (14 damage)
             ... on level 6 of the Dungeon.
             The game lasted 00:16:37 (9331 turns).

gruber the Magician (Palentonga Ice Elementalist)   Turns: 9331, Time: 00:16:37

Health: -3/67      AC:  6    Str: 11      XL:     9   Next: 27%
Magic:  16/16      EV: 10    Int: 19      God:    Qazlal [......]
Gold:   279        SH:  9    Dex:  9 (11) Spells: 6/18 levels left

rFire    + . .     SeeInvis +   b - +2 dagger (freeze)
rCold    . . .     Faith    .   d - +0 buckler
rNeg     . . .     Spirit   .   m - +2 robe {rF+}
rPois    .         Reflect  +   (no helmet)
rElec    .         Harm     .   (no cloak)
rCorr    .                      (no gloves)
MR       .....                  (boots restricted)
Stlth    +.........             s - amulet of reflection
HPRegen  0.21/turn              (no ring)
MPRegen  0.15/turn              (no ring)

@: marked
A: large, rugged brown scales 3, see invisible, deformed body, roll, armoured
tail
a: Rolling Charge, Renounce Religion


You were on level 6 of the Dungeon.
You worshipped Qazlal.
Qazlal was noncommittal.
You visited 2 branches of the dungeon, and saw 9 of its levels.

You collected 279 gold pieces.

Inventory:

Hand Weapons
 b - a +2 dagger of freezing (weapon)
 y - a +2 vorpal glaive
Missiles
 e - 15 javelins (quivered)
 h - 4 atropa-tipped darts
Armour
 d - a +0 buckler (worn)
 m - a +2 robe of fire resistance (worn)
Jewellery
 s - an amulet of reflection (around neck)
Wands
 q - a wand of random effects (15)
 x - a wand of flame (14)
Scrolls
 a - a scroll of random uselessness {unknown}
 c - 4 scrolls of identify
 f - 6 scrolls of teleportation {unknown}
 g - a scroll of enchant armour {unknown}
 j - 7 scrolls of remove curse {unknown}
 k - 2 scrolls of amnesia {unknown}
 l - 3 scrolls of enchant weapon {unknown}
 v - a scroll of blinking {unknown}
 w - a scroll of fog {unknown}
Potions
 i - a potion of heal wounds {unknown}
 n - 2 potions of haste
 o - 2 potions of lignification {unknown}
 p - a potion of cancellation {unknown}
 r - 3 potions of curing
 t - a potion of degeneration {unknown}


   Skills:
 - Level 3.0 Fighting
 - Level 2.0 Dodging
 - Level 1.2 Stealth
 - Level 5.2 Shields
 - Level 5.2 Spellcasting
 - Level 3.1 Conjurations
 - Level 4.3 Summonings
 * Level 4.7 Ice Magic
 - Level 2.8 Evocations


You had 6 spell levels left.
You knew the following spells:

 Your Spells              Type           Power        Failure   Level
a - Freeze                Ice            ###.         1%          1
b - Frozen Ramparts       Ice            ###...       4%          3
c - Hailstorm             Conj/Ice       ###.....     24%         4
d - Summon Ice Beast      Ice/Summ       ###.....     19%         4

Your spell library contained the following spells:

 Spells                   Type           Power        Failure   Level
 Ozocubu's Armour         Ice            ###.....     4%          3


Dungeon Overview and Level Annotations

Branches:
Dungeon (8/15)             Temple (1/1) D:5
   Lair: D:8-11

Altars:
Ashenzari
Cheibriados
Dithmenos
Fedhas
Gozag
Hepliaklqana
Kikubaaqudgha
Makhleb
Nemelex Xobeh
Okawaru
Qazlal
Ru
Sif Muna
Trog
Uskayaw
Vehumet
Xom
Zin
The Shining One

Annotations:
D:3 2 runed translucent doors, mortelune's ghost, amateur FoAK
D:5 2 transporters, Yorgos's ghost, novice DsGl
D:7 Menkaure


Innate Abilities, Weirdness & Mutations

You are completely covered in rugged brown scales. (AC +3, +7% HP)
You have supernaturally acute eyesight. (SInv)
Armour fits poorly on your strangely shaped body.
You can roll at foes to attack.
You have a long armoured tail.


Message History

Menkaure calls on the powers of darkness!
Your body is wracked with pain!
* * * LOW HITPOINT WARNING * * *
Menkaure gestures wildly while chanting.
Menkaure seems to speed up.
The quasit bites you but does no damage.
You block the quasit's attack. The quasit barely misses you.
The quasit barely misses you. x2; You block the quasit's attack.
There is a stone staircase leading up here.
Okay, then.
The quasit bites you but does no damage.
The quasit barely misses you. The quasit closely misses you.
You climb upwards.
The orc shouts! x2
An orc warrior and an orc priest come into view.
The orc throws a silver boomerang.
The silver boomerang barely misses you.
The weapon returns to the orc!
You block the orc warrior's attack.
The orc priest mumbles some strange prayers to Beogh against you.
Pain shoots through your body!
You die...

#... #...#
#....##
##.....##### #
##.....(...(#..
...............
......5...o....
.......@.o...?.
#######.oo....[
###....## #..##
### # #


You could see an orc warrior, an orc priest, a quasit and 2 orcs.

Vanquished Creatures
  2 sky beasts
  2 phantoms
  3 ogres
  2 centaurs
  A bullfrog (D:6)
  A gnoll sergeant (D:5)
  A scorpion (D:7)
  A wight (D:6)
  A centaur zombie (D:6)
  A quasit (D:3)
  A centaur skeleton (D:6)
  An orc priest (D:3)
  A gnoll shaman (D:2)
  3 hounds (D:5)
  3 iguanas
  Jessica (D:3)
  2 worker ants
  Natasha (thrice) (D:3)
  12 gnolls
  11 adders
  A shadow imp (D:6)
  A white imp (D:5)
  An ufetubus (D:6)
  3 oozes
  An adder skeleton (D:8)
  4 worms
  3 dart slugs
  3 leopard geckos
  4 orcs
  4 giant cockroaches
  7 goblins
  9 hobgoblins
  12 jackals
  9 kobolds
  2 quokkas
  4 ball pythons
  5 bats
  5 frilled lizards
  A giant cockroach zombie (D:6)
  11 rats
143 creatures vanquished.

Vanquished Creatures (collateral kills)
  Pikel (D:4)
  Maggie (D:7)
  An ice beast (D:5)
  A nameless horror (D:8)
  A scorpion (D:6)
  2 wights (D:6)
  A leopard gecko zombie (D:6)
8 creatures vanquished.

Vanquished Creatures (others)
  A withered plant (D:7)
1 creature vanquished.

Grand Total: 152 creatures vanquished

Notes
Turn   | Place    | Note
-------+----------+-------------------------------------------
     0 | D:1      | gruber the Palentonga Ice Elementalist began the quest for
                  | the Orb.
     0 | D:1      | Reached XP level 1. HP: 13/13 MP: 3/3
   273 | D:1      | Reached XP level 2. HP: 20/20 MP: 0/5
  1490 | D:2      | Reached XP level 3. HP: 20/25 MP: 2/6
  1971 | D:2      | Learned a level 3 spell: Frozen Ramparts
  2057 | D:2      | Reached XP level 4. HP: 14/32 MP: 4/9
  2810 | D:2      | Reached XP level 5. HP: 26/37 MP: 7/11
  3063 | D:2      | Found a faded altar of an unknown god.
  3361 | D:3      | Found a large runed translucent door.
  3361 | D:3      | Found a large runed translucent door.
  3365 | D:3      | Noticed mortelune's ghost (amateur FoAK)
  3392 | D:3      | Reached skill level 1 in Fighting
  3775 | D:3      | Reached XP level 6. HP: 47/50 MP: 8/12
  3813 | D:3      | Noticed Jessica
  3820 | D:3      | Killed Jessica
  4327 | D:3      | You fall into a shaft and drop 3 floors!
  4329 | D:6      | Noticed an ice beast
  4345 | D:5      | Entered Level 5 of the Dungeon
  4354 | D:5      | Learned a level 4 spell: Hailstorm
  4359 | D:5      | Learned a level 4 spell: Summon Ice Beast
  4456 | D:5      | Reached skill level 5 in Spellcasting
  4616 | D:5      | Found a staircase to the Ecumenical Temple.
  4697 | D:5      | Reached skill level 1 in Conjurations
  4697 | D:5      | Reached XP level 7. HP: 28/55 MP: 8/14
  4882 | D:5      | Reached skill level 1 in Summonings
  5168 | D:5      | Found an iron altar of Okawaru.
  5169 | D:5      | Found a hide-covered altar of Uskayaw.
  5576 | D:3      | Noticed Natasha
  5583 | D:3      | Killed Natasha
  5592 | D:3      | Noticed Natasha
  5607 | D:3      | Killed Natasha
  5758 | D:3      | Noticed Natasha
  5765 | D:3      | Killed Natasha
  6313 | D:4      | Noticed Pikel
  6327 | D:4      | Killed Pikel
  6327 | D:4      | Reached XP level 8. HP: 38/62 MP: 6/15
  6681 | D:5      | Reached skill level 1 in Shields
  6803 | D:5      | Found a transporter.
  6855 | D:5      | Found a transporter.
  6857 | D:5      | Noticed Yorgos's ghost (novice DsGl)
  6864 | D:5      | Noticed a hornet
  7528 | Temple   | Entered the Ecumenical Temple
  7668 | Temple   | Became a worshipper of Qazlal Stormbringer
  8055 | D:6      | Reached XP level 9. HP: 37/67 MP: 12/16
  8224 | D:6      | Found a glowing golden altar of the Shining One.
  8295 | D:6      | Noticed a nameless horror
  8354 | D:6      | Noticed a nameless horror
  8846 | D:6      | Found a radiant altar of Vehumet.
  8852 | D:6      | You fall into a shaft and drop 2 floors!
  9015 | D:8      | Reached skill level 5 in Shields
  9072 | D:7      | Noticed Maggie
  9092 | D:7      | Killed Maggie
  9312 | D:7      | Noticed Menkaure
  9331 | D:6      | Killed from afar by an orc priest

Illustrated notes

Levels and vault maps discovered:
D:1:      lemuel_arrival_muddy, layout_basic
D:2:      layout_basic, chequers_ecumenical_altar_simple_redux
D:3:      layout_rooms, ebering_ghost_disaster_area, minmay_snake_closets,
          uniq_jessica, uniq_natasha
D:4:      layout_gridville, uniq_pikel
D:5:      layout_loops_ring, gammafunk_temple_overflow_statue,
          minmay_temple_entry_slanted, gammafunk_ghost_hive,
          cheibrodos_gnoll_hut
D:6:      layout_layer_cave, vehumet_altar_wand_db, lemuel_doored_altar
D:7:      layout_layer_cave, kennysheep_ying_yang, gammafunk_ghost_cemetery,
          basic_altar, uniq_maggie, uniq_menkaure, uniq_harold
D:8:      layout_basic, kennysheep_mini, okawaru_metal_pillars_1_2
Temple:   regret_index_temple_waves

Skill      XL: |  1  2  3  4  5  6  7  8  9 |
---------------+----------------------------+-----
Ice Magic      | 4 |  4.7
Spellcasting   | 3 4 5 |  5.2
Dodging        | 2 |  2.0
Fighting       | 3 |  3.0
Conjurations   | 1 3 |  3.1
Summonings     | 4 |  4.3
Evocations     | 2 |  2.8
Shields        | 4 5 |  5.2
Stealth        | |  1.2

Action                   |  1- 3 |  4- 6 |  7- 9 || total
-------------------------+-------+-------+-------++-------
Melee: Dagger            |    47 |   114 |   242 ||   403
       Tailslap          |     4 |     7 |    37 ||    48
Throw: Javelin           |    16 |     3 |     2 ||    21
 Cast: Freeze            |    24 |    10 |    10 ||    44
       Frozen Ramparts   |     1 |    30 |    39 ||    70
       Summon Ice Beast  |       |       |    16 ||    16
 Abil: Rolling Charge    |     7 |     2 |     3 ||    12
  Use: Scroll            |       |       |     2 ||     2
       Potion            |       |       |     1 ||     1
 Stab: Sleeping          |       |     2 |     1 ||     3
Armor: Robe              |    36 |    48 |    68 ||   152
Dodge: Dodged            |    62 |    68 |   122 ||   252
Block: Buckler           |       |       |    99 ||    99

Table legend: (Time is in decaauts)
 A = Elapsed time spent in this place.
 B = Non-inter-level travel time spent in this place.
 C = Inter-level travel time spent in this place.
 D = Time resting spent in this place.
 E = Time spent auto-exploring this place.
 F = Levels seen in this place.
 G = Mean time per level.
                   A        B        C        D        E       F      G
               +--------+--------+--------+--------+--------+-----+--------+
         Total |   9351 |   9003 |    348 |   1364 |   6168 |   9 | 1039.0 |
       Dungeon |   9203 |   8884 |    319 |   1364 |   6056 |   8 | 1150.4 |
        Temple |    147 |    118 |     29 |      0 |    112 |   1 |  147.0 |
               +--------+--------+--------+--------+--------+-----+--------+

Top non-repeatable levels by time:
     D:2: 2180 daAuts
     D:5: 1981 daAuts
     D:3: 1399 daAuts
     D:1: 1195 daAuts
     D:6: 1033 daAuts
     D:4: 935 daAuts
     D:7: 312 daAuts
     D:8: 165 daAuts
  Temple: 147 daAuts
